 Dungeon Crawl Stone Soup version 0.24.0-13-gcf9b319 (webtiles) character file.

Game seed: 14865674145987824013, levelgen mode: deterministic

31206 Bronimir the Cleaver (level 13, 0/96 HPs)
             Began as a Demonspawn Gladiator on Apr 2, 2020.
             Was the Champion of Okawaru.
             Slain by a ten-headed hydra (5 damage)
             ... on level 5 of the Lair of Beasts on Apr 3, 2020.
             The game lasted 00:56:30 (19426 turns).

Bronimir the Cleaver (Demonspawn Gladiator)        Turns: 19426, Time: 00:56:30

Health: 0/96       AC: 13    Str: 26    XL:     13   Next: 24%
Magic:  0/20       EV: 23    Int: 10    God:    Okawaru [******]
Gold:   981        SH:  7    Dex: 16    Spells: 8/21 levels left

rFire    . . .     SeeInvis .   a - +5 war axe of Massacring {venom, rPois}
rCold    + . .     Gourm    .   M - +0 buckler
rNeg     + . .     Faith    .   w - +3 leather armour {rF+}
rPois    +         Spirit   +   c - +1 helmet
rElec    .         Reflect  .   J - +0 cloak
rCorr    .         Harm     .   (no gloves)
MR       .....                  (boots unavailable)
Stlth    ++++++....             r - amulet of guardian spirit
HPRegen  0.26/turn              U - +2 ring of protection
MPRegen  0.17/turn              E - ring of Qeniw {Ice Str+8}

@: heroism
A: hooves 3, repulsion field 2, demonic guardian 1, negative energy resistance
1, nightstalker 3
a: Heroism, Finesse, Renounce Religion


You were on level 5 of the Lair of Beasts.
You worshipped Okawaru.
Okawaru was exalted by your worship.
You were not hungry.

You visited 3 branches of the dungeon, and saw 17 of its levels.

You collected 1156 gold pieces.
You spent 175 gold pieces at shops.

Inventory:

Hand Weapons
 a - the +5 war axe of Massacring (weapon) {venom, rPois}
   (You found it on level 6 of the Dungeon)

   It poisons the flesh of those it strikes.
   It protects you from poison.
 b - the +6 hunting sling of Death {flame, rElec Int+2}
   (Okawaru gifted it to you on level 1 of the Lair of Beasts)

   It causes projectiles fired from it to burn those they strike, causing extra
   injury to most foes and up to half again as much damage against particularly
   susceptible opponents.
   It affects your intelligence (+2).
   It insulates you from electricity.
 q - a +6 battleaxe of freezing
 t - the +4 battleaxe of the Ageless Deaths {drain, *Contam rPois rN++ Int+2}
   (Okawaru gifted it to you on level 11 of the Dungeon)

   A truly terrible weapon, it drains the life of those it strikes.
   It affects your intelligence (+2).
   It protects you from poison.
   It greatly protects you from negative energy.
   It causes magical contamination when unequipped.
Missiles
 g - 311 stones
 s - 178 sling bullets
 u - 261 arrows
 N - 73 poisoned darts (quivered)
 P - 41 bolts
Armour
 c - a +1 helmet (worn)
 w - a +3 leather armour of fire resistance (worn)
 J - a +0 cloak (worn)
 M - a +0 buckler (worn)
Magical Staves
 j - an uncursed staff of air
Jewellery
 o - an uncursed ring of magical power
 r - an amulet of guardian spirit (around neck)
 C - a cursed ring of teleportation {unknown}
 E - the ring of Qeniw (right hand) {Ice Str+8}
   (You found it on level 5 of the Lair of Beasts)

   [ring of ice]

   It enhances your ice magic.
   It affects your strength (+8).
   It makes you vulnerable to fire.
   It protects you from cold.
 U - a +2 ring of protection (left hand)
Wands
 v - a wand of flame (8)
 H - a wand of acid (10)
 K - a wand of paralysis (20)
 S - a wand of disintegration (3)
 V - a wand of digging (8)
Scrolls
 d - 2 scrolls of magic mapping
 h - a scroll of amnesia
 l - a scroll of torment {unknown}
 z - a scroll of teleportation
 B - 3 scrolls of remove curse
 D - 4 scrolls of identify
 R - 2 scrolls of enchant weapon
 T - a scroll of fog
Potions
 e - 2 potions of agility {unknown}
 i - 2 potions of flight
 m - 4 potions of curing
 n - a potion of haste
 x - a potion of mutation {unknown}
 A - a potion of cancellation
Miscellaneous
 k - a lightning rod (4/4)
 y - a crystal ball of energy
 Z - a fan of gales
Comestibles
 f - 25 rations


   Skills:
 + Level 7.0(12.0) Fighting
 + Level 10.9(15.9) Axes
 + Level 7.3(12.4) Slings
 + Level 2.0(10.0) Throwing
 * Level 7.2(12.2) Armour
 + Level 6.4(11.4) Dodging
 + Level 1.7(6.7) Stealth
 * Level 6.3(11.3) Shields
 + Level 4.8 Spellcasting
 + Level 4.1 Hexes
 * Level 3.9 Transmutations
 * Level 9.0 Invocations
 * Level 3.3 Evocations


You had 8 spell levels left.
You knew the following spells:

 Your Spells              Type           Power        Failure   Level  Hunger
a - Corona                Hex            ##.....      4%          1    #......
b - Confuse               Hex            ##......     14%         3    ###....
c - Tukima's Dance        Hex            ##......     14%         3    ###....
d - Statue Form           Tmut/Erth      #........    100%        6    #######

Your spell library contained the following spells:

 Spells                   Type           Power        Failure   Level  Hunger
 Ensorcelled Hibernation  Hex/Ice        #.....       17%         2    ##.....
 Apportation              Tloc           #.....       26%         1    #......
 Flame Tongue             Conj/Fire      #....        26%         1    #......
 Summon Butterflies       Summ           #.......     26%         1    #......
 Summon Small Mammal      Summ           #...         26%         1    #......
 Dazzling Spray           Conj/Hex       #.....       32%         3    ###....
 Inner Flame              Hex/Fire       #.......     32%         3    ###....
 Summon Guardian Golem    Hex/Summ       #.......     32%         3    ###....
 Call Imp                 Summ           #.......     36%         2    ##.....
 Throw Flame              Conj/Fire      #.....       36%         2    ##.....
 Call Canine Familiar     Summ           #.......     61%         3    ###....
 Conjure Flame            Conj/Fire      #.......     61%         3    ###....
 Lesser Beckoning         Tloc           #.........   61%         3    ###....
 Sticky Flame             Conj/Fire      #.......     95%         4    #####..
 Summon Ice Beast         Ice/Summ       #.......     95%         4    #####..
 Summon Lightning Spire   Summ/Air       #.......     95%         4    #####..
 Alistair's Intoxication  Tmut/Pois      #.......     97%         5    ######.
 Irradiate                Conj/Tmut      #.........   97%         5    ######.
 Fireball                 Conj/Fire      #.........   100%        5    ######.
 Hydra Form               Tmut           ##........   100%        6    #######
 Invisibility             Hex            ##......     100%        6    #######
 Dragon Form              Tmut           ##........   100%        7    #######


Dungeon Overview and Level Annotations

Branches:
Dungeon (11/15)            Temple (1/1) D:5            Lair (5/6) D:11
 Shoals (0/4) Lair:4       Spider (0/4) Lair:3          Orc (0/2) D:11
  Slime: Lair:5-6

Altars:
Ashenzari
Cheibriados
Dithmenos
Elyvilon
Fedhas
Gozag
Hepliaklqana
Kikubaaqudgha
Makhleb
Nemelex Xobeh
Okawaru
Qazlal
Ru
Sif Muna
Trog
Uskayaw
Vehumet
Wu Jian
Xom
Yredelemnul
Zin
The Shining One

Shops:
D:5 *   D:6 =}   D:10 (


Innate Abilities, Weirdness & Mutations

You have hooves in place of feet.
You are surrounded by a moderate repulsion field. (EV +3)
A weak demonic guardian rushes to your aid.
You resist negative energy. (rN+)
You are completely attuned to the shadows.


Message History

The ten-headed hydra bites you.
* * * LOW HITPOINT WARNING * * *
The ten-headed hydra bites you but does no damage. x2
The ten-headed hydra closely misses you.
The ten-headed hydra misses you.
The ten-headed hydra bites you but does no damage.
The ten-headed hydra barely misses you.
Evoke which item? (* to show all) (? for menu, Esc to quit)
Aiming: Corrosive Bolt
Press: ? - help, Shift-Dir - straight line, f/p - ten-headed hydra
Aim: a ten-headed hydra (almost dead, covered in acid)
The bolt of acid misses the ten-headed hydra.
The ten-headed hydra misses you.
You block the ten-headed hydra's attack.
The ten-headed hydra bites you!
* * * LOW HITPOINT WARNING * * *
The ten-headed hydra completely misses you.
The ten-headed hydra closely misses you.
The ten-headed hydra bites you.
You die...

....##.# ...P....## #..)...
..>......#### ..#
#............#....#.#
....###.............##...###
.....#..†............##....#
...................####.....
........#........#.###......
........##..@D..###.#.......
........##.....#.#..........
.......###.....# #..........
.......####...####...........
.......P######$##............
.........# #.............
.......## #.............
.....#.# #.......÷.....
......#### #.[.......†.<.


You could see a ten-headed hydra.

Vanquished Creatures
  Josephine (D:10)
  Fannar (D:11)
  2 hydras
  Nergalle (D:11)
  Pikel (D:4)
  An ugly thing (D:11)
  8 elephants
  A merfolk siren (Lair:4)
  7 spiny frogs
  4 rime drakes
  4 komodo dragons
  5 trolls
  A queen bee (Lair:1)
  4 hippogriffs
  18 blink frogs
  16 yaks
  A redback (Lair:3)
  A spriggan (D:10)
  4 wraiths (D:10)
  4 wyverns
  A steam dragon (Lair:2)
  Grum (D:10)
  Menkaure (D:4)
  3 wargs (D:11)
  2 hell hounds (Lair:4)
  12 water moccasins
  3 porcupines
  4 sky beasts
  An orc warrior (D:7)
  An ice beast (D:10)
  A black bear (D:7)
  3 phantoms
  9 wolves
  A necrophage (D:8)
  6 ogres
  5 crocodiles
  5 centaurs
  4 big kobolds
  12 bullfrogs
  2 scorpions
  25 killer bees
  A bullfrog zombie (D:9)
  2 crimson imps
  4 bullfrog skeletons
  Crazy Yiuf (D:6)
  2 hounds
  4 jellies
  2 centaur skeletons (D:11)
  2 orc priests (D:7)
  Jessica (D:5)
  Ijyb (D:4)
  Natasha (thrice) (D:2)
  5 hell rats (Lair:5)
  2 iguanas (D:4)
  4 worker ants
  7 orc wizards
  2 killer bee zombies
  3 hound skeletons
  A worker ant zombie (D:8)
  4 gnolls (D:4)
  9 adders
  A shadow imp (D:5)
  4 oozes
  An adder zombie (D:7)
  2 worms (D:2)
  4 dart slugs
  6 leopard geckos
  32 orcs
  A ball python (D:4)
  8 bats
  10 giant cockroaches
  2 goblins (D:1)
  8 hobgoblins
  14 jackals
  21 kobolds
  3 quokkas
  5 frilled lizards
  2 jackal skeletons
  A quokka zombie (D:5)
  4 rats
  A fungus (Lair:1)
377 creatures vanquished.

Vanquished Creatures (collateral kills)
  An elephant (Lair:3)
  4 blink frogs
  A wraith (D:10)
  6 yaks
  An ice beast (D:5)
  2 sky beasts
  A wolf (D:10)
  2 ogres
  A bullfrog (Lair:1)
  A wyvern zombie (D:7)
  3 killer bees
  A centaur skeleton (D:5)
  An orc wizard (D:7)
  Terence (D:2)
  A hound zombie (D:7)
  A frilled lizard (D:2)
  5 kobolds
33 creatures vanquished.

Vanquished Creatures (others)
  A quokka (D:11)
  4 fungi
  A plant (Lair:3)
  4 toadstools (D:3)
10 creatures vanquished.

Grand Total: 420 creatures vanquished

Notes
Turn   | Place    | Note
-------+----------+-------------------------------------------
     0 | D:1      | Bronimir the Demonspawn Gladiator began the quest for the
                  | Orb.
     0 | D:1      | Reached XP level 1. HP: 16/16 MP: 1/1
   340 | D:1      | Gained mutation: You have large cloven feet. [demonic
                  | ancestry]
   340 | D:1      | Reached XP level 2. HP: 22/22 MP: 2/2
   470 | D:1      | Reached skill level 3 in Axes
   779 | D:1      | Gained mutation: A weak demonic guardian rushes to your
                  | aid. [demonic ancestry]
   779 | D:1      | Reached XP level 3. HP: 18/27 MP: 3/3
  1518 | D:2      | Noticed Terence
  1528 | D:2      | Killed Terence
  1571 | D:2      | Gained mutation: You are slightly more attuned to the
                  | shadows. [demonic ancestry]
  1571 | D:2      | Reached XP level 4. HP: 31/34 MP: 4/4
  1669 | D:2      | Found a sacrificial altar of Ru.
  1687 | D:2      | Noticed Natasha
  1693 | D:2      | Killed Natasha
  1693 | D:2      | Reached skill level 1 in Armour
  1715 | D:2      | Found a snail-covered altar of Cheibriados.
  1844 | D:2      | Reached skill level 4 in Axes
  1876 | D:2      | Reached skill level 1 in Stealth
  1906 | D:2      | Noticed Natasha
  1914 | D:2      | Killed Natasha
  1914 | D:2      | Gained mutation: You are surrounded by a mild repulsion
                  | field. (EV +2) [demonic ancestry]
  1914 | D:2      | Reached XP level 5. HP: 34/39 MP: 5/5
  1934 | D:2      | Found a bloodstained altar of Trog.
  2072 | D:2      | Noticed Natasha
  2081 | D:2      | Killed Natasha
  2246 | D:3      | You fall into a shaft and drop 2 floors!
  2246 | D:5      | Entered Level 5 of the Dungeon
  2295 | D:5      | Noticed a sky beast
  3091 | D:4      | Reached XP level 6. HP: 42/46 MP: 6/6
  3172 | D:4      | Noticed Ijyb
  3193 | D:4      | Killed Ijyb
  3268 | D:4      | Reached skill level 5 in Axes
  3566 | D:4      | Found a glowing silver altar of Zin.
  3566 | D:4      | Found a blossoming altar of Fedhas.
  3608 | D:4      | Noticed a water elemental
  3615 | D:4      | Found a stormy altar of Qazlal.
  3618 | D:4      | Noticed an air elemental
  3618 | D:4      | Noticed a fire elemental
  3873 | D:4      | Noticed a slave
  3874 | D:4      | Noticed Pikel
  3874 | D:4      | Noticed a slave
  3877 | D:4      | Noticed a slave
  3878 | D:4      | Noticed a slave
  3920 | D:4      | Killed Pikel
  3920 | D:4      | Reached skill level 6 in Axes
  3920 | D:4      | Reached XP level 7. HP: 31/52 MP: 7/7
  4208 | D:4      | Noticed Menkaure
  4216 | D:4      | Killed Menkaure
  4429 | D:5      | Gained mutation: You are surrounded by a moderate repulsion
                  | field. (EV +3) [demonic ancestry]
  4429 | D:5      | Reached XP level 8. HP: 50/58 MP: 8/8
  4449 | D:5      | Reached skill level 7 in Axes
  4627 | D:5      | Reached skill level 1 in Evocations
  4989 | D:5      | Found a staircase to the Ecumenical Temple.
  4991 | D:5      | Found Kiebiuxto's Assorted Antiques.
  5000 | Temple   | Entered the Ecumenical Temple
  5024 | Temple   | Became a worshipper of Warmaster Okawaru
  5059 | D:5      | Bought a translucent hunting sling for 175 gold pieces
  5059 | D:5      | Identified the +6 hunting sling "Riucosyrch" {velocity,
                  | Dex+5} (You bought it in a shop on level 5 of the Dungeon)
  5170 | D:5      | Noticed Jessica
  5176 | D:5      | Killed Jessica
  5183 | D:5      | Found a shimmering blue altar of Sif Muna.
  5305 | D:5      | Found a sparkling altar of Nemelex Xobeh.
  5404 | D:6      | Found Iczol's Jewellery Shop.
  5423 | D:6      | Got a crystal war axe
  5424 | D:6      | Identified the +5 war axe of Massacring {venom, rPois} (You
                  | found it on level 6 of the Dungeon)
  5437 | D:6      | Found Olul's Gadget Shoppe.
  5741 | D:6      | Found a runed translucent door.
  5742 | D:6      | Noticed Crazy Yiuf
  5751 | D:6      | Killed Crazy Yiuf
  5987 | D:6      | Reached skill level 1 in Slings
  6333 | D:7      | Reached skill level 1 in Invocations
  6346 | D:7      | Reached * piety under Okawaru
  6346 | D:7      | Reached skill level 8 in Axes
  6346 | D:7      | Reached skill level 1 in Shields
  6457 | D:7      | Gained mutation: You have hoof-like feet. [demonic
                  | ancestry]
  6457 | D:7      | Reached XP level 9. HP: 51/65 MP: 7/10
  6729 | D:7      | Reached ** piety under Okawaru
  6812 | D:7      | Found a burning altar of Makhleb.
  6922 | D:7      | Found an ancient bone altar of Kikubaaqudgha.
  7204 | D:8      | Learned a level 1 spell: Corona
  7208 | D:8      | Learned a level 3 spell: Confuse
  7212 | D:8      | Learned a level 3 spell: Tukima's Dance
  7378 | D:8      | Reached skill level 9 in Axes
  7430 | D:8      | Reached skill level 1 in Spellcasting
  7430 | D:8      | Reached skill level 1 in Hexes
  8222 | D:9      | Reached *** piety under Okawaru
  8327 | D:9      | Gained mutation: You resist negative energy. (rN+) [demonic
                  | ancestry]
  8327 | D:9      | Reached XP level 10. HP: 73/73 MP: 12/12
  9134 | D:10     | Entered Level 10 of the Dungeon
  9210 | D:10     | Found Gidauch's Weapon Shoppe.
  9407 | D:10     | Found a stormy altar of Qazlal.
  9468 | D:10     | Reached **** piety under Okawaru
  9481 | D:10     | Noticed Grum
  9488 | D:10     | Noticed Josephine
  9558 | D:9      | Reached skill level 5 in Slings
  9725 | D:10     | Received a gift from Okawaru
  9807 | D:10     | Killed Grum
  9871 | D:10     | Reached skill level 5 in Dodging
 10052 | D:10     | Killed Josephine
 10052 | D:10     | Reached skill level 5 in Fighting
 10052 | D:10     | Reached skill level 5 in Armour
 10060 | D:10     | Reached skill level 5 in Invocations
 10534 | D:11     | Noticed Fannar
 10539 | D:11     | Reached ***** piety under Okawaru
 10698 | D:11     | Received a gift from Okawaru
 10698 | D:11     | Gained mutation: You have hooves in place of feet. [demonic
                  | ancestry]
 10698 | D:11     | Reached XP level 11. HP: 47/80 MP: 2/15
 10872 | D:11     | Noticed a green ugly thing
 10880 | D:11     | Killed a green ugly thing
 11011 | D:11     | Noticed Nergalle
 11016 | D:11     | Noticed a spectral orc warlord
 11024 | D:11     | Killed Nergalle
 11024 | D:11     | Received a gift from Okawaru
 11031 | D:11     | Found a staircase to the Lair.
 11130 | D:11     | Killed Fannar
 11469 | D:11     | Found a staircase to the Orcish Mines.
 11821 | D:11     | Found a white marble altar of Elyvilon.
 12014 | D:11     | Received a gift from Okawaru
 12017 | D:11     | Got a jewelled battleaxe {god gift}
 12018 | D:11     | Identified the +4 battleaxe of the Ageless Deaths {drain,
                  | *Contam rPois rN++ Int+2} (Okawaru gifted it to you on
                  | level 11 of the Dungeon)
 12368 | Lair:1   | Entered Level 1 of the Lair of Beasts
 12955 | Lair:1   | Learned a level 6 spell: Statue Form
 12966 | Lair:1   | Reached skill level 10 in Axes
 12995 | Lair:1   | Reached skill level 5 in Shields
 13044 | Lair:1   | Reached skill level 1 in Transmutations
 13794 | Lair:1   | Received a gift from Okawaru
 13800 | Lair:1   | Got a crystal hunting sling {god gift}
 13801 | Lair:1   | Identified the +6 hunting sling of Death {flame, rElec
                  | Int+2} (Okawaru gifted it to you on level 1 of the Lair of
                  | Beasts)
 13969 | Lair:1   | Gained mutation: You are significantly more attuned to the
                  | shadows. [demonic ancestry]
 13969 | Lair:1   | Reached XP level 12. HP: 66/88 MP: 16/18
 15837 | Lair:3   | Noticed a four-headed hydra
 16296 | Lair:3   | Received a gift from Okawaru
 16296 | Lair:3   | Reached ****** piety under Okawaru
 17038 | Lair:3   | Killed a nine-headed hydra
 17322 | Lair:3   | Found a hole to the Spider Nest.
 17835 | Lair:4   | Found a staircase to the Shoals.
 18069 | Lair:4   | Noticed a five-headed hydra
 18076 | Lair:4   | Killed a six-headed hydra
 18076 | Lair:4   | Received a gift from Okawaru
 18076 | Lair:4   | Gained mutation: You are completely attuned to the shadows.
                  | [demonic ancestry]
 18076 | Lair:4   | Reached XP level 13. HP: 71/95 MP: 20/20
 18797 | Lair:5   | Received a gift from Okawaru
 19379 | Lair:5   | Got a wavering pewter ring
 19392 | Lair:5   | Identified the ring of Qeniw {Ice Str+8} (You found it on
                  | level 5 of the Lair of Beasts)
 19426 | Lair:5   | Slain by a ten-headed hydra

Levels and vault maps discovered:
D:1:      minmay_arrival_cross, layout_basic
D:2:      layout_loops_ring, bloody_trog, nicolae_ru_great_annihilating_truth,
          kennysheep_slug_shrine, first_ration, minivault_14,
          kennysheep_doodads, uniq_terence, uniq_natasha
D:3:      layout_basic, st_stairs_12, wad_floor_pattern_2,
          minmay_gold_behind_fungi, nicolae_underground_beach
D:4:      layout_loops_ring, nicolae_qazlal_style_of_elements,
          gammafunk_temple_overflow_elements, grunt_tough_drop, uniq_menkaure,
          uniq_pikel, uniq_ijyb
D:5:      minmay_chambers_of_threes, layout_rooms, tgw_sif,
          kennysheep_little_box, minmay_temple_entry_arrows, serial_shops, shop,
          minmay_manual_mail
D:6:      layout_gridville, serial_shops, nicolae_shop_window_shopping, shop,
          uniq_crazy_yiuf_cottage
D:7:      layout_cave_pods, kiku_gazebo_pond_becter, old_standard_altar
D:8:      layout_basic
D:9:      layout_layer_cave
D:10:     layout_irregular_city, basic_altar, serial_shops,
          nicolae_shop_crystal, the_bakery, uniq_grum, uniq_josephine
D:11:     layout_basic, lair_entry_dummy, minmay_orc_entry_guard_dogs,
          elyvilon_altar_4, uniq_fannar, uniq_nergalle
Temple:   chequers_temple_sunken
Lair:1:   layout_cave_pods, special_room [special_room_bee]
Lair:2:   layout_hall_layers, grunt_megastairs_3
Lair:3:   layout_layer_cave, spider_nest_entry_rubble
Lair:4:   layout_hall_layers, minmay_shoals_entry_lonely_mermaid,
          enter_volcano_3
Lair:5:   layout_cave_pods, basic_altar

Skill      XL: |  1  2  3  4  5  6  7  8  9 10 11 12 13 |
---------------+----------------------------------------+-----
Dodging        | 3 4 5 6 |  6.4
Axes           | 3 4 6 8 9 10 | 10.9
Armour         | 1 2 3 4 5 6 7 |  7.2
Stealth        | 1 |  1.7
Fighting       | 3 4 5 6 7 |  7.0
Evocations     | 1 2 3 |  3.3
Slings         | 1 3 5 6 7 |  7.3
Invocations    | 1 3 5 7 8 9 |  9.0
Shields        | 1 2 4 5 6 |  6.3
Spellcasting   | 1 3 4 |  4.8
Hexes          | 1 3 4 |  4.1
Throwing       | 2 |  2.0
Transmutations | 1 3 |  3.9

Action                   |  1- 3 |  4- 6 |  7- 9 | 10-12 | 13-15 || total
-------------------------+-------+-------+-------+-------+-------++-------
Melee: War axe           |    80 |   162 |   149 |   268 |    72 ||   731
       Kick              |    19 |    31 |    48 |   111 |    24 ||   233
       Battleaxe         |       |       |       |    68 |       ||    68
 Fire: Hunting sling     |       |       |   141 |   321 |    39 ||   501
Throw: Stone             |       |       |       |    14 |       ||    14
 Cast: Confuse           |       |       |       |     2 |       ||     2
Invok: Heroism           |       |       |       |     3 |     2 ||     5
Evoke: Wand              |       |     4 |     4 |     7 |     6 ||    21
  Use: Scroll            |       |       |     8 |    11 |       ||    19
       Potion            |       |       |     1 |    11 |       ||    12
 Stab: Sleeping          |       |    14 |     6 |    11 |     3 ||    34
       Distracted        |       |     1 |     2 |     8 |       ||    11
       Confused          |       |       |       |     1 |       ||     1
  Eat: Chunk             |     2 |     6 |    10 |    23 |     4 ||    45
       Ration            |       |       |     2 |     2 |       ||     4
Armor: Leather armour    |    26 |     2 |    54 |   149 |    32 ||   263
       Ring mail         |     6 |    33 |       |       |       ||    39
Dodge: Dodged            |    69 |   118 |   167 |   630 |    93 ||  1077
Block: Large shield      |       |       |     6 |       |       ||     6
       Buckler           |       |       |       |    82 |    32 ||   114
